 Dungeon Crawl Stone Soup version 0.24.0-37-gcf1ca852f1 (webtiles) character file.

Game seed: 14915970316279682541, levelgen mode: deterministic

11 night the Conjurer (level 2, 0/24 HPs)
             Began as a Naga Conjurer on Nov 23, 2019.
             Slain by an ooze (4 damage)
             ... on level 1 of the Dungeon.
             The game lasted 00:01:17 (326 turns).

night the Conjurer (Naga Conjurer)                   Turns: 326, Time: 00:01:18

Health: 0/24       AC:  1    Str: 10    XL:     2   Next: 29%
Magic:  1/5        EV: 10    Int: 15    God:
Gold:   69         SH:  0    Dex: 11    Spells: 4/5 levels left

rFire    . . .     SeeInvis +   (no weapon)
rCold    . . .     Gourm    .   (no shield)
rNeg     . . .     Faith    .   a - +0 robe
rPois    +         Spirit   .   (no helmet)
rElec    .         Reflect  .   (no cloak)
rCorr    .         Harm     .   (no gloves)
MR       .....                  (no barding)
Stlth    ++........             (no amulet)
HPRegen  0.08/turn              (no ring)
MPRegen  0.09/turn              (no ring)

@: short of breath, very slightly contaminated, very slow
A: large, see invisible, deformed body, poison resistance, slowness 2, slow
metabolism 1, spit poison 1, AC +0
a: Spit Poison


You were on level 1 of the Dungeon.
You were not hungry.

You visited 1 branch of the dungeon, and saw 1 of its levels.

You collected 69 gold pieces.

Inventory:

Hand Weapons
 g - a +0 hunting sling
Armour
 a - a +0 robe (worn)
Scrolls
 b - 2 scrolls of identify {unknown}
 e - a scroll of enchant weapon {unknown}
Potions
 d - 2 potions of invisibility {unknown}
Comestibles
 c - 2 rations
 f - 6 chunks of flesh


   Skills:
 + Level 0.9 Fighting
 - Level 1.5 Dodging
 - Level 3.0 Stealth
 + Level 2.2 Spellcasting
 + Level 4.1 Conjurations


You had 4 spell levels left.
You knew the following spells:

 Your Spells              Type           Power        Failure   Level  Hunger
a - Magic Dart            Conj           ##..         3%          1    #......

Your spell library contained the following spells:

 Spells                   Type           Power        Failure   Level  Hunger
 Searing Ray              Conj           ##....       6%          2    ###....
 Dazzling Spray           Conj/Hex       #.....       28%         3    ###....
 Iskenderun's Mystic Bla  Conj           ##......     36%         4    #####..
 Force Lance              Conj/Tloc      #.......     67%         4    #####..
 Fulminant Prism          Conj/Hex       #.........   67%         4    #####..


Dungeon Overview and Level Annotations

Branches:
Dungeon (1/15)

Altars:


Innate Abilities, Weirdness & Mutations

You cannot wear boots.
Your serpentine skin is tough. (AC +0)
You have supernaturally acute eyesight. (SInv)
Armour fits poorly on your strangely shaped body.
Your system is resistant to poisons. (rPois)
You cover ground very slowly.
You have a slow metabolism.
You can spit poison.


Message History

Aiming: Magic Dart (safe; 3% risk of failure)
Press: ? - help, Shift-Dir - straight line, f/p - ooze
Aim: an ooze (lightly wounded)
You miscast Magic Dart.
Nothing appears to happen.
The ooze hits you.
Casting: Magic Dart (safe; 3% risk of failure)
Confirm with . or Enter, or press ? or * to list all spells.
Aiming: Magic Dart (safe; 3% risk of failure)
Press: ? - help, Shift-Dir - straight line, f/p - ooze
Aim: an ooze (lightly wounded)
The magic dart hits the ooze.
The ooze is moderately wounded.
The ooze misses you.
Press: ? - help, Shift-Dir - straight line, f/p - ooze
Aim: an ooze (moderately wounded)
The splash of poison hits the ooze.
The ooze is heavily wounded.
You feel slightly more hungry. The ooze hits you.
* * * LOW HITPOINT WARNING * * *
The ooze hits you.
You die...

### ##.###########
#### ##.#.##........
####...
##.###.#..######
.......######.##
##...#
#...)..J@...###....#
##..########.#.#####
..... ##.## ..###..
#.# #.. ##(########
#.. #.......... ...
#.####.#..###### #..
................
..######..######


You could see an ooze.

Vanquished Creatures
  A leopard gecko (D:1)
  2 bats (D:1)
  2 goblins (D:1)
  A hobgoblin (D:1)
  2 jackals (D:1)
  A kobold (D:1)
9 creatures vanquished.

Notes
Turn   | Place    | Note
-------+----------+-------------------------------------------
     0 | D:1      | night the Naga Conjurer began the quest for the Orb.
     0 | D:1      | Reached XP level 1. HP: 15/15 MP: 3/3
   159 | D:1      | Reached XP level 2. HP: 24/24 MP: 1/5
   326 | D:1      | Slain by an ooze

Levels and vault maps discovered:
D:1:      eino_arrival_water_cross, layout_loops_ring

Action                   || total
-------------------------++-------
Melee: Unarmed           ||    12
 Cast: Magic Dart        ||    17
 Abil: Spit Poison       ||     4
Armor: Robe              ||     3
Dodge: Dodged            ||     9
